 Dungeon Crawl Stone Soup version 0.30-a0-1160-g6e42c06551 (webtiles) character file.

Game seed: 12137456035467513230

58 Numeracy the Ducker (level 3, 0/35 HPs)
             Began as a Troll Gladiator on Apr 24, 2023.
             Succumbed to an orc wizard's poison
             ... on level 3 of the Dungeon.
             The game lasted 00:29:01 (1976 turns).

Numeracy the Ducker (Troll Gladiator)               Turns: 1976, Time: 00:29:02

Health: 0/35       AC:  4    Str: 23 (24) XL:     3   Next: 75%
Magic:  2/2        EV: 10    Int:  3 (4)  God:
Gold:   121        SH:  0    Dex:  8 (11) Spells: 2/2 levels left

rFire   . . .        a - +0 trident
rCold   . . .        (no shield)
rNeg    . . .        b - +0 robe
rPois   +            c - +0 hat
rElec   .            (no cloak)
rCorr   .            (gloves unavailable)
SInv    .            (boots unavailable)
Will    .....        (no amulet)
Stlth   +            i - ring of poison resistance
HPRegen 1.05/turn    (no ring)
MPRegen 0.08/turn

%: no passive effects
@: confused, mighty, lethally poisoned (0 -> -3)
A: large, unfitting armour, claws 3, regeneration 1, shaggy fur 1, tough skin 1
a: no special abilities


You were on level 3 of the Dungeon.
You visited 1 branch of the dungeon, and saw 3 of its levels.

You collected 121 gold pieces.

Inventory:

Hand Weapons
 a - a +0 trident (weapon)
Armour
 b - a +0 robe (worn)
 c - a +0 hat (worn)
 f - a +0 leather armour
 m - a +0 chain mail
Jewellery
 i - a ring of poison resistance (left claw)
 j - an amulet of reflection
Scrolls
 g - a scroll of teleportation (quivered) {unknown}
 k - 3 scrolls of identify {unknown}
 l - 2 scrolls of immolation {unknown}
 o - a scroll of acquirement {unknown}
Potions
 h - 2 potions of might
 n - a potion of flight


   Skills:
 + Level 2.1 Fighting
 + Level 3.0 Polearms
 + Level 1.9 Throwing
 + Level 3.0 Dodging
 + Level 0.1 Stealth


You had 2 spell levels left.
You didn't know any spells.
Your spell library was empty.

Dungeon Overview and Level Annotations

Branches:
Dungeon (3/15)

Altars:


Innate Abilities, Weirdness & Mutations

You are too large for most types of armour.
You have claws for hands.
Your natural rate of healing is unusually fast.
You are covered in fur. (AC +1)
You have tough skin. (AC +1)


Message History

You feel sick.
You hear some strange, mumbled words.
You are confused.
Non-targeted confused throw: 4 stones
Press: ? - help, Q - select action, (/) - cycle Dir - look around, f - activate You throw a stone.
You feel sick. Something hits you.
* * * LOW HITPOINT WARNING * * *
Non-targeted confused throw: 3 stones
Press: ? - help, Q - select action, (/) - cycle Dir - look around, f - activate You throw a stone.
You feel sick. Something hits you.
* * * LOW HITPOINT WARNING * * *
Non-targeted confused throw: 2 stones
Press: ? - help, Q - select action, (/) - cycle Dir - look around, f - activate You throw a stone.
You feel sick.
You hear some strange, mumbled words.
You are more confused.
Non-targeted confused throw: stone
Press: ? - help, Q - select action, (/) - cycle Dir - look around, f - activate You throw a stone.
The stone hits the orc.
The orc is heavily wounded.
You feel sick.
You are no longer poisoned.
Something hits you.
* * * LOW HITPOINT WARNING * * *
Non-targeted confused throw: large rock
Press: ? - help, Q - select action Dir - look around, f - activate You throw a large rock.
Something hits you.
* * * LOW HITPOINT WARNING * * *
You are lethally poisoned!
You hear some strange, mumbled words.
Something tries to affect you, but you resist.
Okay, then.
You don't know any spells.
You are too confused!
You miss something.
You die...

############
#..........#
#..........#
#..........#
..#######...>......#
.......@)o.........###.
..#######.............
. #...........# ## ..
#...........#... #.
#.............#. #..###
#..#........# #.
......##.........#.###.
#..........#.#...#.
#......#...........


You could see an orc.

Vanquished Creatures
  An adder (D:2)
  2 worms
  A dart slug (D:1)
  2 orcs (D:3)
  2 endoplasms
  A giant cockroach (D:1)
  3 goblins (D:2)
  6 hobgoblins (D:1)
  3 quokkas
  4 ball pythons
  4 bats
  2 frilled lizards
  4 kobolds
  A rat (D:2)
36 creatures vanquished.

Notes
Turn   | Place    | Note
-------+----------+-------------------------------------------
     0 | D:1      | Numeracy the Troll Gladiator began the quest for the Orb.
     0 | D:1      | Reached XP level 1. HP: 19/19 MP: 0/0
   419 | D:1      | Reached XP level 2. HP: 22/27 MP: 1/1
  1116 | D:2      | Reached XP level 3. HP: 35/35 MP: 2/2
  1976 | D:3      | Succumbed to an orc wizard's poison

Illustrated notes

Levels and vault maps discovered:
D:1:      sevenhm_arrival_forest_fort_small_5, layout_rooms,
          chequers_serial_rivers_room_b, chequers_serial_rivers_micro_e
D:2:      layout_basic, serial_curves, eino_curves_04, eino_curves_02,
          eino_curves_04, eino_curves_02
D:3:      layout_rooms, grunt_temple_overflow_open

Skill      XL: |  1  2  3 |
---------------+----------+-----
Fighting       | 2 |  2.1
Polearms       | 3 |  3.0
Dodging        | 3 |  3.0
Throwing       | |  1.9
Stealth        | |  0.1

Action                     || total
---------------------------++-------
  Melee: Trident           ||   128
  Throw: Throwing net      ||     5
         Stone             ||    28
         Large rock        ||     2
    Use: Potion            ||     7
   Stab: Held in net/web   ||     1
 Armour: Robe              ||    60
  Dodge: Dodged            ||    74

Table legend: (Time is in decaauts)
 A = Elapsed time spent in this place.
 B = Non-inter-level travel time spent in this place.
 C = Inter-level travel time spent in this place.
 D = Time resting spent in this place.
 E = Time spent auto-exploring this place.
 F = Levels seen in this place.
 G = Mean time per level.
                   A        B        C        D        E       F      G
               +--------+--------+--------+--------+--------+-----+--------+
         Total |   1978 |    868 |   1110 |    119 |    260 |   3 |  659.3 |
       Dungeon |   1978 |    868 |   1110 |    119 |    260 |   3 |  659.3 |
               +--------+--------+--------+--------+--------+-----+--------+

Top non-repeatable levels by time:
     D:1: 1007 daAuts
     D:2: 831 daAuts
     D:3: 140 daAuts
